cohdb
Replays
Latest Replays
All Replays
Popular Replays
Top Player Replays
Match Explorer
How It Works
Community
CoH3 Stats
Reddit
Sign in to upload your games and track your stats! →
Sign in with Steam
Match 41718683
Unlisted
Match 41718683
Overview
Messages
Build Orders
End
Construct Infanterie Kompanie
Pioneer Squad
Selects Terror Battlegroup
Selects Machine Gun Camouflage
MG 42 Machine Gun Team
MG 42 Machine Gun Team
MG 42 Machine Gun Team
Construct Luftwaffe Kompanie
Jäger Squad
Jäger Squad
Support Elements
Wirbelwind Flakpanzer
Luftwaffe Officer Quarters
Pioneer Squad
Jäger Squad
Wirbelwind Flakpanzer
Side Skirts
Selects Defend the Fatherland
Pioneer Squad
Jäger Squad
Construct Panzer Kompanie
Repair Bunker
Selects King Tiger Heavy Tank
King Tiger Heavy Tank
Selects Interrogate
Selects Jericho Trumpet
Jericho Trumpet
カルト_くん
i_did_NAT_hit_her
Hanzawilhelm Longbowman of Crécy
Hunter
0
0
Comments
sign in to comment!
No comments posted yet!